Description

In this build order I show you how to play against a Terran mech. In this replay I play against a battle mech into slow mech.

Notes : - When you know that it's a terran mech : Add 2 forges and - Do a push on your +2/+2 : It's one of the best timing - If the terran go into Sky, just play blink stalkers - You need to deny his expand as frequently as you can - Focus on zealot / Immo / Archon if he holds the first push: Switch to skytoss.

Replay and details►https://lotv.spawningtool.com/build/85660/

VOD

https://youtu.be/t1Ap0iMSp2o

Replay - czJOHNcz v zuka - Disco Bloodbath LE

Build Order

Get SALT Encoding   

  12  0:01  Probe  
  13  0:13  Probe  
  14  0:18  Pylon  
  14  0:25  Probe (Chrono Boost)  
  15  0:36  Probe (Chrono Boost)  
  15  0:39  Gateway  
  16  0:44  Probe  
  16  0:47  Assimilator  
  17  0:56  Probe (Chrono Boost)  
  18  1:08  Probe (Chrono Boost)  
  19  1:17  Probe (Chrono Boost)  
  20  1:28  Nexus  
  20  1:37  Cybernetics Core  
  20  1:38  Probe  
  21  1:44  Assimilator  
  21  1:48  Pylon  
  21  1:51  Probe  
  21  1:58  Pylon  
  22  2:13  Stalker (Chrono Boost)  
  24  2:35  Stalker (Chrono Boost)  
  25  2:43  Warp Gate  
  25  2:49  Shield Battery  
  25  2:56  Stalker (Chrono Boost)  
  30  3:22  Gateway  
  30  3:33  Shield Battery  
  30  3:36  Stalker (Chrono Boost)  
  34  3:57  Robotics Facility  
  37  4:19  Pylon  
  40  4:32  Adept x2  
  45  4:44  Robotics Bay  
  46  4:46  Observer (Chrono Boost)  
  50  5:04  Warp Prism (Chrono Boost)  
  52  5:09  Pylon  
  55  5:35  Nexus  
  55  5:39  Colossus (Chrono Boost)  
  61  5:44  Extended Thermal Lance (Chrono Boost)  
  65  6:04  Forge x2  
  70  6:52  Stalker x2  
  72  6:55  Immortal (Chrono Boost)  
  72  7:00  Protoss Ground Armor Level 1 (Chrono Boost)  
  72  7:02  Gateway x3  
  72  7:06  Protoss Ground Weapons Level 1 (Chrono Boost)  
  72  7:07  Assimilator  
  74  7:09  Twilight Council  
  74  7:13  Assimilator  
  78  7:24  Zealot x2  
  87  7:30  Immortal (Chrono Boost)  
  87  7:37  Shield Battery x2  
  91  7:54  Charge  
  93  8:01  Immortal (Chrono Boost)  
  93  8:02  Assimilator x2  
  96  8:08  Templar Archives  
  96  8:11  Zealot x2  
  100  8:26  Shield Battery  
  100  8:41  Zealot x5  
  100  8:44  Immortal  
  100  8:48  Gateway x2  
  114  8:53  Gateway  
  113  9:02  High Templar x4  
  115  9:04  Zealot  
  115  9:08  Archon  
  115  9:09  Protoss Ground Weapons Level 2 (Chrono Boost)  
  123  9:21  Protoss Ground Armor Level 2 (Chrono Boost)  
  123  9:27  Archon  
  123  9:30  Immortal  
  127  9:36  Gateway x2  
  127  9:42  Nexus  
  127  9:49  High Templar x2  
  133  9:53  Archon  
  133  9:59  High Templar x2  
Spawning Tool Build Advisor. Get it on Overwolf

Go to:

Details

  • Created by: zuka      
  • Published on: Nov 11, 2019
  • Modified on: Nov 11, 2019
  • Patch: 4.7.1
Show
View Real Time Build Order
Export as new Build Order

Comments (0)

There are no comments. Be the first!

Create an account to comment!